 Dungeon Crawl Stone Soup version 0.28-a0-1444-g6c55d0bc0c (webtiles) character file.

Game seed: 11016326794410590772

82 Deminshera the Caller (level 4, 27/39 HPs)
             Began as an Ogre Summoner on Jan 10, 2022.
             Was an Initiate of Okawaru.
             Quit the game on level 3 of the Dungeon.
             The game lasted 00:03:11 (4152 turns).

Deminshera the Caller (Ogre Summoner)               Turns: 4152, Time: 00:03:11

Health: 27/39      AC:  3    Str: 12    XL:     4   Next: 43%
Magic:  10/10      EV:  9    Int: 18    God:    Okawaru [......]
Gold:   137        SH:  0    Dex:  9    Spells: 5/11 levels left

rFire   . . .      SeeInvis .   (no weapon)
rCold   . . .      Faith    +   (no shield)
rNeg    . . .      Spirit   .   a - +0 robe
rPois   .          Reflect  .   (helmet restricted)
rElec   .          Harm     .   (no cloak)
rCorr   .          Rampage  .   (gloves unavailable)
Will    .....                   (boots unavailable)
Stlth   +.........              l - amulet of faith
HPRegen 0.13/turn               (no ring)
MPRegen 0.12/turn               (no ring)

@: no status effects
A: large, unfitting armour, tough skin 1
a: Renounce Religion


You were on level 3 of the Dungeon.
You worshipped Okawaru.
Okawaru was noncommittal.
You visited 1 branch of the dungeon, and saw 3 of its levels.

You collected 137 gold pieces.

Inventory:

Armour
 a - a +0 robe (worn)
Jewellery
 l - an amulet of faith (around neck)
 o - a +4 ring of protection
Scrolls
 c - 2 scrolls of vulnerability {unknown}
 d - 7 scrolls of identify {unknown}
 e - a scroll of enchant armour {unknown}
 f - a scroll of fear {unknown}
 g - a scroll of magic mapping {unknown}
 h - a scroll of silence {unknown}
 j - 2 scrolls of amnesia {unknown}
Potions
 b - a potion of ambrosia {unknown}
 i - a potion of degeneration {unknown}
 k - a potion of lignification {unknown}
 m - a potion of brilliance {unknown}
 n - a potion of haste {unknown}


   Skills:
 - Level 1.7 Dodging
 - Level 1.4 Stealth
 + Level 4.0 Spellcasting
 + Level 4.5 Summonings


You had 5 spell levels left.
You knew the following spells:

 Your Spells              Type           Power      Damage    Failure   Level
a - Summon Small Mammal   Summ           76%        N/A       2%          1
b - Call Imp              Summ           19%        N/A       3%          2
c - Call Canine Familiar  Summ           19%        N/A       7%          3

Your spell library contained the following spells:

 Spells                   Type           Power      Damage    Failure   Level
 Summon Guardian Golem    Hex/Summ       Unusable   N/A       N/A         3
 Summon Lightning Spire   Summ/Air       Unusable   N/A       N/A         4

Dungeon Overview and Level Annotations

Branches:
Dungeon (3/15)

Altars:
Gozag
Kikubaaqudgha
Nemelex Xobeh
Okawaru
Vehumet
Yredelemnul
The Shining One

Shops:
D:3 *


Innate Abilities, Weirdness & Mutations

You are too large for most types of armour.
You have tough skin. (AC +1)


Message History

You hit the endoplasm.
The endoplasm is lightly wounded.
The endoplasm freezes you.
You are frozen.
An endoplasm is nearby!
You hit the endoplasm but do no damage.
The endoplasm is lightly wounded.
The endoplasm hits you.
An endoplasm is nearby!
You hit the endoplasm.
The endoplasm is heavily wounded.
The endoplasm closely misses you.
You hit the endoplasm.
The endoplasm is heavily wounded.
The endoplasm freezes you.
You are frozen.
You hit the endoplasm but do no damage.
The endoplasm is heavily wounded.
The endoplasm freezes you.
You are frozen.
You hit the endoplasm.
The endoplasm is severely wounded.
The endoplasm hits you but does no damage.
You barely miss the endoplasm.
The endoplasm is severely wounded.
The endoplasm freezes you.
You are frozen.
You hit the endoplasm.
The endoplasm is almost dead.
The endoplasm completely misses you.
You barely miss the endoplasm.
The endoplasm is severely wounded.
The endoplasm closely misses you.
You hit the endoplasm.
You kill the endoplasm!
Okawaru accepts your kill.
No target in view!
No target in view!
Search for what [Enter for "orb", or ? for help]? weapon Are you sure you want to abandon this character and quit the game? (Confirm with "yes".)

#.#.# #.# ##.#.#####.#
##..#....##.##### ##
#..#####.##.....##
.############.##.###..#
.............(#######.#
##.....########.....#.#
#####.# #.♣♣♣.#.# #.##
#.@.♣.'.# #..###
#[_.♣.'.# ##..†##
#...♣.'.# ###..#
#.♣♣♣.### ##.## #.. ..#
#..#########
##...#....# ###.#....#
#......#


There were no monsters in sight!

Vanquished Creatures
  5 dart slugs
  An orc (D:3)
  A bat (D:1)
  2 endoplasms
  A giant cockroach (D:1)
  4 goblins
  2 hobgoblins (D:1)
  A quokka (D:1)
  2 ball pythons
  2 frilled lizards (D:1)
  3 kobolds
  3 rats (D:1)
27 creatures vanquished.

Vanquished Creatures (collateral kills)
  2 adders (D:2)
  An orc (D:3)
  2 ball pythons
  4 endoplasms
  A giant cockroach (D:2)
  2 goblins
  A hobgoblin (D:1)
  A quokka (D:2)
  2 bats
  4 frilled lizards
  2 kobolds
  A rat (D:2)
23 creatures vanquished.

Grand Total: 50 creatures vanquished

Notes
Turn   | Place    | Note
-------+----------+-------------------------------------------
     0 | D:1      | Deminshera the Ogre Summoner began the quest for the Orb.
     0 | D:1      | Reached XP level 1. HP: 16/16 MP: 3/3
   292 | D:1      | Reached XP level 2. HP: 21/24 MP: 3/5
   761 | D:1      | Found a faded altar of an unknown god.
   776 | D:1      | Reached XP level 3. HP: 4/31 MP: 5/7
  1043 | D:1      | Learned a level 2 spell: Call Imp
  1047 | D:1      | Learned a level 3 spell: Call Canine Familiar
  2573 | D:2      | Reached XP level 4. HP: 39/39 MP: 5/9
  3090 | D:3      | Found an iron altar of Okawaru.
  3189 | D:3      | Found an opulent altar of Gozag.
  3442 | D:3      | Became a worshipper of Warmaster Okawaru
  3520 | D:3      | Found an ancient bone altar of Kikubaaqudgha.
  3596 | D:3      | Found Haleo's General Store.
  3916 | D:3      | Found a basalt altar of Yredelemnul.
  3916 | D:3      | Found a sparkling altar of Nemelex Xobeh.
  4012 | D:3      | Found a glowing golden altar of the Shining One.
  4139 | D:3      | Found a radiant altar of Vehumet.
  4152 | D:3      | Quit the game

Illustrated notes

Levels and vault maps discovered:
D:1:      nagdon_arrival_zigzag_paths, layout_loops_corners,
          shapermc_ecumenical_altar_pompeii
D:2:      layout_rooms
D:3:      layout_rooms, mainiacjoe_overflow_alcove_4, okawaru_metal_pillars_1_2,
          tso_oasis_becter, grunt_gozag_breadcrumbs,
          gammafunk_temple_overflow_elements, kiku_gazebo_garden_becter,
          serial_shops, nicolae_shop_waterfront

Skill      XL: |  1  2  3  4 |
---------------+-------------+-----
Spellcasting   | 3 4 |  4.0
Summonings     | 4 |  4.5
Dodging        | |  1.7
Stealth        | |  1.4

Action                   |  1- 3 |  4- 6 || total
-------------------------+-------+-------++-------
Melee: Unarmed           |   137 |    80 ||   217
       Punch             |     2 |     1 ||     3
 Cast: Summon Small Mamm |    12 |       ||    12
       Call Imp          |     7 |       ||     7
       Call Canine Famil |     3 |     5 ||     8
 Stab: Sleeping          |     2 |     3 ||     5
Armor: Robe              |    44 |    29 ||    73
Dodge: Dodged            |    59 |    42 ||   101

Table legend: (Time is in decaauts)
 A = Elapsed time spent in this place.
 B = Non-inter-level travel time spent in this place.
 C = Inter-level travel time spent in this place.
 D = Time resting spent in this place.
 E = Time spent auto-exploring this place.
 F = Levels seen in this place.
 G = Mean time per level.
                   A        B        C        D        E       F      G
               +--------+--------+--------+--------+--------+-----+--------+
         Total |   4152 |   4096 |     56 |   1096 |   2495 |   3 | 1384.0 |
       Dungeon |   4152 |   4096 |     56 |   1096 |   2495 |   3 | 1384.0 |
               +--------+--------+--------+--------+--------+-----+--------+

Top non-repeatable levels by time:
     D:1: 2216 daAuts
     D:3: 1062 daAuts
     D:2: 873 daAuts
